 Dungeon Crawl Stone Soup version 0.20.0-4-g10b340a (webtiles) character file.

5105 Gorglomux the Fighter (level 10, 0/106 HPs)
             Began as a Gargoyle Gladiator on May 27, 2017.
             Was an Elder of Okawaru.
             Slain by a small abomination (7 damage)
             ... on level 7 of the Dungeon.
             The game lasted 00:16:40 (8615 turns).

Gorglomux the Fighter (Gargoyle Gladiator)          Turns: 8615, Time: 00:16:41

Health: 0/106      AC: 29    Str: 17    XL:     10   Next: 57%
Magic:  8/10       EV:  2    Int: 10    God:    Okawaru [****..]
Gold:   130        SH:  0    Dex: 14    Spells: 9/9 levels left

rFire    . . .     SeeInvis .   W - +0 flail (crush)
rCold    . . .     Gourm    +   (no shield)
rNeg     + + +     Faith    .   (armour currently unavailable)
rPois    ∞         Spirit   .   (helmet currently unavailable)
rElec    .         Reflect  .   (cloak currently unavailable)
rCorr    .         Harm     .   (gloves currently unavailable)
MR       .....     NoTele   +   (boots currently unavailable)
Stlth    +++.......             Y - amulet of the gourmand
Regen    0.3/turn               M - +4 ring of protection
MPRegen  0.2/turn               l - ring of flight

@: tree-form, heroism
A: negative energy resistance 1, petrification resistance, rot immunity, AC +7
a: Heroism, Renounce Religion


You were on level 7 of the Dungeon.
You worshipped Okawaru.
Okawaru was greatly pleased with you.
You were very full.
You were a tree.
You visited 2 branches of the dungeon, and saw 8 of its levels.

You collected 434 gold pieces.
You spent 304 gold pieces at shops.

Inventory:

Hand Weapons
 a - a +0 flail
 B - the +2 dagger of Spontaneous Combustion {holy, rPois}
   (You found it on level 6 of the Dungeon)

   It has been blessed by the Shining One to cause great damage to the undead
   and demons.
   It protects you from poison.
 W - a +0 flail of crushing (weapon)
Missiles
 Z - 3 throwing nets (quivered)
Armour
 c - a +0 helmet (melded)
 u - a +0 pair of boots (melded)
 K - a +0 pair of gloves (melded)
 U - a +0 chain mail (melded)
Jewellery
 l - a ring of flight (right branch)
 M - a +4 ring of protection (left branch)
 Y - an amulet of the gourmand (around neck)
Wands
 L - a wand of lightning (2/15)
Scrolls
 x - a scroll of fear
 y - 2 scrolls of enchant weapon
 A - a scroll of fog
 C - a scroll of acquirement {unknown}
 H - 3 scrolls of amnesia {unknown}
 I - 2 scrolls of blinking
 J - 2 scrolls of remove curse
 P - a scroll of enchant armour {unknown}
 Q - 2 scrolls of random uselessness {unknown}
 R - 2 scrolls of identify
 S - 2 scrolls of immolation {unknown}
 T - 10 scrolls of teleportation
 X - a scroll of recharging {unknown}
Potions
 s - a potion of berserk rage {unknown}
 t - a potion of haste {unknown}
 v - a potion of brilliance {unknown}
 N - 3 potions of curing
 V - a potion of flight
Books
 D - a book of Changes

   Spells                             Type                      Level
   a - Beastly Appendage              Transmutation                1
   b - Sticks to Snakes               Transmutation                2
   c - Spider Form                    Transmutation/Poison         3
   d - Ice Form                       Ice/Transmutation            4
   e - Blade Hands                    Transmutation                5
 E - a book of Geomancy

   Spells                             Type                      Level
   a - Sandblast                      Earth                        1
   b - Passwall                       Transmutation/Earth          2
   c - Stone Arrow                    Conjuration/Earth            3
   d - Petrify                        Transmutation/Earth          4
   e - Lee's Rapid Deconstruction     Earth                        5
Comestibles
 f - 10 bread rations
 q - 2 fruits
 z - 4 meat rations
 O - 8 royal jellies


   Skills:
 + Level 11.8(16.8) Fighting
 + Level 11.1(16.1) Maces & Flails
 - Level 1.7(6.7) Throwing
 - Level 2.4(7.4) Dodging


You had 9 spell levels left.
You didn't know any spells.

Dungeon Overview and Level Annotations

Branches:
Dungeon (7/15)             Temple (1/1) D:5

Altars:
Dithmenos
Elyvilon
Kikubaaqudgha
Makhleb
Nemelex Xobeh
Okawaru
Ru
Trog
Zin
Lugonu

Shops:
D:4 (   D:6 ?


Innate Abilities, Weirdness & Mutations

You are resistant to torment.
((Your stone body is resilient. (AC +7)))
You are immune to poison.
You resist negative energy. (rN+)
((You are resistant to electric shocks. (rElec)))
((You can survive without breathing.))
You are immune to petrification.
You are immune to rotting.


Message History

The small abomination hits you but does no damage.
The small abomination hits you.
* * * LOW HITPOINT WARNING * * *
You feel much better. The small abomination hits you!
* * * LOW HITPOINT WARNING * * *
The small abomination hits you but does no damage. x2
The small abomination completely misses you.
You hit the small abomination.
The small abomination is moderately damaged.
The small abomination hits you but does no damage. x3
You hit the small abomination.
The small abomination is moderately damaged.
The small abomination completely misses you.
The small abomination hits you!
* * * LOW HITPOINT WARNING * * *
The small abomination hits you but does no damage.
You barely miss the small abomination.
The small abomination is moderately damaged.
The small abomination hits you!
You die...

#.# x###...###..#.# #.##
#.# #..##.##..# #.###.##
#.## ...###...###.##.)##
#..###.......###..#.....
##...##.$$[.##...######.
###..#.$_).#..### ##
##...##xxx}.##...## ##.
#..###xxxxx..###..# ##..
#.##...♣###...###.###..#
#.#....##.##..# #.....##
#.###..#...# #ux#....###
#..©#.##...## ##.....##
#...###.....####........
##....................##
######...............#
#...............#
#...(...........#


You could see 8 small abominations.

Vanquished Creatures
  3 ugly things (D:7)
  Grinder (D:5)
  Sigmund (D:2)
  A human (D:7)
  Eustachio (D:6)
  4 hogs (D:7)
  Menkaure (D:4)
  An orc warrior (D:6)
  2 small abominations (D:7)
  An ice beast (D:7)
  2 sky beasts
  3 ogres
  A centaur (D:6)
  2 bullfrogs
  A wyvern zombie (D:7)
  A scorpion (D:5)
  3 killer bees (D:7)
  A howler monkey (D:5)
  5 crimson imps
  A human zombie (D:5)
  4 orc priests
  2 jellies
  8 orc wizards
  2 human skeletons (D:5)
  Jessica (D:3)
  5 iguanas
  Ijyb (D:5)
  9 worker ants
  A worker ant zombie (D:5)
  Robin (D:3)
  A howler monkey skeleton (D:4)
  6 adders
  8 gnolls
  2 shadow imps
  An adder skeleton (D:7)
  2 worms
  2 leopard geckos
  37 orcs
  2 ball pythons
  10 bats
  6 giant cockroaches
  14 goblins
  11 hobgoblins
  8 jackals
  4 quokkas
  4 frilled lizards
  6 kobolds
  2 orc skeletons (D:5)
  An orc zombie (D:5)
  9 rats
  A fungus (D:1)
207 creatures vanquished.

Vanquished Creatures (others)
  A human (D:6)
1 creature vanquished.

Grand Total: 208 creatures vanquished

Notes
Turn   | Place    | Note
-------+----------+-------------------------------------------
     0 | D:1      | Gorglomux the Gargoyle Gladiator began the quest for the Orb.
     0 | D:1      | Reached XP level 1. HP: 12/12 MP: 1/1
   141 | D:1      | Reached XP level 2. HP: 18/18 MP: 2/2
   234 | D:1      | Found a sparkling altar of Nemelex Xobeh.
  1276 | D:2      | Reached skill level 3 in Fighting
  1276 | D:2      | Reached XP level 3. HP: 17/23 MP: 3/3
  1649 | D:2      | Reached XP level 4. HP: 28/28 MP: 4/4
  1677 | D:2      | Noticed Sigmund
  1996 | D:2      | Killed Sigmund
  1996 | D:2      | Reached XP level 5. HP: 34/34 MP: 5/5
  2123 | D:3      | Reached XP level 6. HP: 40/40 MP: 6/6
  2372 | D:3      | Noticed Robin
  2735 | D:3      | Killed Robin
  2810 | D:2      | Reached XP level 7. HP: 12/45 MP: 7/7
  3218 | D:3      | Reached skill level 6 in Fighting
  3398 | D:3      | Noticed Jessica
  3450 | D:3      | Reached skill level 6 in Maces & Flails
  3469 | D:3      | Killed Jessica
  4537 | D:4      | Found Joiwn's Antique Weapon Emporium.
  4556 | D:4      | Noticed Menkaure
  4564 | D:4      | Killed Menkaure
  4564 | D:4      | Reached XP level 8. HP: 38/53 MP: 8/8
  5114 | D:5      | Entered Level 5 of the Dungeon
  5137 | D:5      | Found a staircase to the Ecumenical Temple.
  5137 | D:5      | Noticed Ijyb
  5151 | D:5      | Killed Ijyb
  5156 | Temple   | Entered the Ecumenical Temple
  5170 | Temple   | Became a worshipper of Warmaster Okawaru
  5551 | D:5      | Found a shadowy altar of Dithmenos.
  5634 | D:5      | Noticed Grinder
  5661 | D:5      | Killed Grinder
  5661 | D:5      | Reached * piety under Okawaru
  5836 | D:5      | Found a bloodstained altar of Trog.
  6232 | D:6      | Reached XP level 9. HP: 29/60 MP: 9/9
  6470 | D:6      | Reached skill level 9 in Fighting
  6522 | D:6      | Noticed Eustachio
  6566 | D:6      | Killed Eustachio
  6679 | D:6      | Got a polished dagger
  6680 | D:6      | Identified the +2 dagger of Spontaneous Combustion {holy, rPois} (You found it on level 6 of the Dungeon)
  6697 | D:6      | Found an ancient bone altar of Kikubaaqudgha.
  6721 | D:6      | Found Urajag's Magic Scroll Emporium.
  6730 | D:6      | Bought a scroll of fog for 26 gold pieces
  6730 | D:6      | Bought a scroll of blinking for 97 gold pieces
  6730 | D:6      | Bought a scroll of enchant weapon for 97 gold pieces
  6730 | D:6      | Bought a scroll of fear for 45 gold pieces
  6730 | D:6      | Bought a scroll of teleportation for 39 gold pieces
  6782 | D:6      | Reached ** piety under Okawaru
  6782 | D:6      | Reached skill level 9 in Maces & Flails
  7873 | D:7      | Reached XP level 10. HP: 22/68 MP: 10/10
  7880 | D:7      | Reached *** piety under Okawaru
  8289 | D:7      | Found a corrupted altar of Lugonu.
  8558 | D:7      | Noticed a red ugly thing
  8559 | D:7      | Noticed a cyan ugly thing
  8563 | D:7      | Noticed a purple ugly thing
  8573 | D:7      | Killed a green ugly thing
  8587 | D:7      | Killed a purple ugly thing
  8587 | D:7      | Reached **** piety under Okawaru
  8600 | D:7      | Killed a purple ugly thing
  8603 | D:7      | HP: 1/71 [small abomination (11)]
  8615 | D:7      | Slain by a small abomination

Skill      XL: |  1  2  3  4  5  6  7  8  9 10 |
---------------+-------------------------------+-----
Fighting       | 3 4 5 7 8 10 11 | 11.8
Maces & Flails | 4 5 6 8 10 11 | 11.1
Throwing       | |  1.7
Dodging        | |  2.4

Action                   |  1- 3 |  4- 6 |  7- 9 | 10-12 || total
-------------------------+-------+-------+-------+-------++-------
Melee: Flail             |   127 |   181 |   523 |   118 ||   949
       Unarmed           |       |       |     6 |       ||     6
       Punch             |       |       |     1 |     3 ||     4
Invok: Heroism           |       |       |     2 |     3 ||     5
Evoke: Wand              |       |       |     1 |     1 ||     2
  Use: Scroll            |       |     3 |     4 |       ||     7
       Potion            |       |     2 |       |     4 ||     6
  Eat: Chunk             |     3 |     4 |    31 |     2 ||    40
Armor: Leather armour    |    12 |       |       |       ||    12
       Ring mail         |    71 |    86 |       |       ||   157
       Skin              |       |   119 |     1 |    20 ||   140
       Scale mail        |       |     8 |    75 |       ||    83
       Chain mail        |       |       |   331 |    78 ||   409
Dodge: Dodged            |    97 |   137 |   258 |    70 ||   562
